 Dungeon Crawl Stone Soup version 0.29-a0-214-g17f627cfee (webtiles) character file.

Game seed: 16283378019501006541

2751 bande the Chopper (level 9, -2/55 HPs)
             Began as a Gargoyle Fighter on Feb 25, 2022.
             Was a Believer of Okawaru.
             Slain by Gastronok (20 damage)
             ... on level 8 of the Dungeon.
             The game lasted 00:16:32 (8159 turns).

bande the Chopper (Gargoyle Fighter)                Turns: 8159, Time: 00:16:33

Health: -2/55      AC: 24    Str: 20    XL:     9   Next: 68%
Magic:  12/12      EV: 10    Int:  9    God:    Okawaru [**....]
Gold:   438        SH:  6    Dex: 19    Spells: 8/8 levels left

rFire   . . .      SeeInvis .   t - +1 broad axe (flame)
rCold   . . .      Faith    .   c - +0 buckler
rNeg    + . .      Spirit   .   w - +0 plate armour
rPois   ∞          Reflect  .   i - +0 helmet
rElec   +          Harm     .   b - +1 cloak
rCorr   .          Rampage  .   (no gloves)
Will    .....                   B - +0 pair of boots
Stlth   ..........              (no amulet)
HPRegen 0.18/turn               e - +6 ring of dexterity
MPRegen 0.13/turn               h - +4 ring of evasion

@: mighty
A: sickness immunity, AC +6, negative energy resistance 1, electricity
resistance, torment resistance 1, petrification resistance
a: Renounce Religion, Heroism


You were on level 8 of the Dungeon.
You worshipped Okawaru.
Okawaru was pleased with you.
You visited 2 branches of the dungeon, and saw 9 of its levels.
You also visited: Sewer.

You collected 438 gold pieces.

Inventory:

Hand Weapons
 a - a +1 war axe
 m - a +0 broad axe
 o - a +0 morningstar
 t - a +1 broad axe of flaming (weapon)
Armour
 b - a +1 cloak (worn)
 c - a +0 buckler (worn)
 i - a +0 helmet (worn)
 w - a +0 plate armour (worn)
 B - a +0 pair of boots (worn)
Jewellery
 e - a +6 ring of dexterity (left hand)
 h - a +4 ring of evasion (right hand)
 s - a +6 ring of dexterity
 x - a ring of protection from fire
 y - a +6 ring of strength
 z - a ring of see invisible
Wands
 j - a wand of flame (12)
 v - a wand of iceblast (7)
 C - a wand of paralysis (7)
Scrolls
 f - 4 scrolls of teleportation
 n - 3 scrolls of blinking
 p - 2 scrolls of enchant weapon
Potions
 d - a potion of might
 g - 5 potions of brilliance
 k - 2 potions of cancellation
 l - 4 potions of curing
 q - a potion of degeneration {unknown}
 r - 3 potions of flight
 u - a potion of invisibility {unknown}
 A - a potion of haste


   Skills:
 + Level 5.7 Fighting
 + Level 7.8 Axes
 + Level 6.6 Armour
 - Level 0.2 Dodging
 + Level 5.4 Shields
 * Level 4.3 Invocations
 * Level 3.7 Evocations


You had 8 spell levels left.
You didn't know any spells.
Your spell library contained the following spells:

 Spells                   Type           Power      Damage    Failure   Level
 Beastly Appendage        Tmut           0%         N/A       100%        1
 Sandblast                Erth           0%         2d4       100%        1
 Corpse Rot               Necr/Air       0%         N/A       100%        2
 Passwall                 Tmut/Erth      0%         N/A       100%        2
 Poisonous Vapours        Pois/Air       0%         N/A       100%        2
 Wereblood                Tmut           0%         N/A       100%        2
 Spider Form              Tmut/Pois      0%         N/A       100%        3
 Stone Arrow              Conj/Erth      0%         3d7       100%        3


Dungeon Overview and Level Annotations

Branches:
Dungeon (8/15)             Temple (1/1) D:4           Sewer (visited)
   Lair: D:8-11

Altars:
Ashenzari
Cheibriados
Dithmenos
Elyvilon
Fedhas
Gozag
Hepliaklqana
Nemelex Xobeh
Okawaru
Qazlal
Ru
Sif Muna
Trog
Uskayaw
Vehumet
Xom
Yredelemnul
Zin
The Shining One

Shops:
D:2 [

Annotations:
D:8 Gastronok


Innate Abilities, Weirdness & Mutations

You are immune to sickness and miasma.
Your stone body is resilient. (AC +6)
You are immune to poison.
You resist negative energy. (rN+)
You are resistant to electric shocks. (rElec)
You are resistant to unholy torment.
You are immune to petrification.


Message History

Crazy Yiuf hits you but does no damage. Crazy Yiuf completely misses you.
You closely miss Crazy Yiuf.
Crazy Yiuf is lightly wounded.
Crazy Yiuf hits you but does no damage.
You slash Crazy Yiuf! You burn Crazy Yiuf.
You kill Crazy Yiuf!
Okawaru accepts your kill.
Things that are here:
a +3 quarterstaff of chaos; a +0 cloak
Things that are here:
a +3 quarterstaff of chaos; a +0 cloak Done exploring.
There is an open translucent door here.
There is a stone staircase leading down here.
You climb downwards.
Gastronok gurgles horribly!
Found 4 poisoned darts and 9 gold pieces.
Found a stone staircase leading down.
There is a stone staircase leading up here.
Unknown command.
You slash Gastronok! You burn Gastronok.
Gastronok is lightly wounded.
You slash Gastronok! You burn Gastronok.
Gastronok is lightly wounded.
Gastronok bites you!
Unknown command.
You hit Gastronok. You burn Gastronok.
Gastronok is moderately wounded.
Gastronok waves his eye-stalks in wide circles.
The air twists around and strikes you!
Unknown command.
You slash Gastronok! You burn Gastronok.
Gastronok is moderately wounded.
You hit Gastronok. You burn Gastronok.
Gastronok is moderately wounded.
Gastronok bites you!!
* * * LOW HITPOINT WARNING * * *
You feel very mighty all of a sudden.
You feel better. Gastronok bites you!!
You die...

#.............
#. ...........
#.............
#......#....>.
+...#.........
#.............
#....w......
#..(@...#
#.......#
#........#
#####....#
.$..# ....#
#####


You could see Gastronok.

Vanquished Creatures
  Grinder (D:3)
  A steam dragon (D:6)
  A water moccasin (D:5)
  An orc warrior (D:7)
  2 sky beasts
  Pargi (Sewer)
  An ice beast (D:6)
  A black bear (D:4)
  2 necrophages
  An ogre (D:6)
  A centaur (D:6)
  A bullfrog (D:7)
  A water moccasin zombie (D:5)
  4 scorpions
  A wyvern skeleton (D:5)
  A water moccasin skeleton (D:6)
  4 killer bees (D:7)
  A jelly (D:3)
  A bullfrog zombie (D:6)
  A centaur zombie (D:7)
  Crazy Yiuf (D:7)
  2 hounds
  2 orc priests
  2 centaur skeletons
  5 iguanas
  3 orc wizards
  A hound zombie (D:5)
  2 hound skeletons (D:4)
  Robin (D:3)
  A gnoll (D:3)
  A river rat (D:6)
  12 adders
  2 ufetubi
  2 worms
  4 dart slugs
  18 orcs
  4 ball pythons
  8 bats
  7 endoplasms
  5 giant cockroaches
  11 goblins
  10 hobgoblins
  9 kobolds
  5 quokkas
  5 frilled lizards
  A quokka skeleton (D:4)
  6 rats
158 creatures vanquished.

Vanquished Creatures (others)
  An adder (D:3)
  A worm (D:3)
  An orc (D:6)
  A ball python (D:3)
  2 fungi (D:7)
  16 plants (D:3)
22 creatures vanquished.

Grand Total: 180 creatures vanquished

Notes
Turn   | Place    | Note
-------+----------+-------------------------------------------
     0 | D:1      | bande the Gargoyle Fighter began the quest for the Orb.
     0 | D:1      | Reached XP level 1. HP: 14/14 MP: 1/1
   167 | D:1      | Reached XP level 2. HP: 17/19 MP: 2/2
   173 | D:1      | Reached skill level 2 in Axes
   721 | D:1      | Found a faded altar of an unknown god.
   819 | D:2      | Reached XP level 3. HP: 20/23 MP: 3/3
   823 | D:2      | Found Wiechav's Armour Emporium.
   963 | D:2      | Noticed a necrophage
   977 | D:2      | Killed a necrophage
   978 | D:2      | Reached skill level 3 in Axes
   978 | D:2      | Reached XP level 4. HP: 16/29 MP: 4/4
   978 | D:2      | Reached XP level 5. HP: 18/33 MP: 5/5
  2103 | D:3      | Reached XP level 6. HP: 34/38 MP: 6/6
  2106 | D:3      | Noticed Grinder
  2119 | D:3      | Killed Grinder
  2120 | D:3      | Reached skill level 4 in Axes
  2120 | D:3      | Reached skill level 5 in Armour
  2120 | D:3      | Found a shimmering altar of Xom.
  2734 | D:3      | Reached XP level 7. HP: 43/44 MP: 7/7
  2837 | D:3      | Noticed Robin
  2852 | D:3      | Killed Robin
  3175 | D:3      | Found a broken altar of Ashenzari.
  3805 | D:4      | Reached skill level 5 in Axes
  3862 | D:4      | Identified a scroll of acquirement
  3862 | D:4      | Acquired a +1 broad axe of flaming
  3884 | D:4      | Found a staircase to the Ecumenical Temple.
  3891 | Temple   | Entered the Ecumenical Temple
  3984 | Temple   | Became a worshipper of Warmaster Okawaru
  4012 | D:4      | Reached skill level 1 in Evocations
  4111 | D:4      | Reached skill level 1 in Invocations
  4409 | D:4      | Reached XP level 8. HP: 46/48 MP: 8/8
  4598 | D:5      | Entered Level 5 of the Dungeon
  4633 | D:5      | Reached * piety under Okawaru
  4723 | D:5      | Reached skill level 6 in Axes
  4723 | D:5      | Reached skill level 5 in Shields
  4806 | D:5      | Reached skill level 5 in Fighting
  4902 | D:5      | Found a sacrificial altar of Ru.
  5299 | D:5      | Found a snail-covered altar of Cheibriados.
  5492 | D:6      | Reached ** piety under Okawaru
  5538 | D:6      | Reached XP level 9. HP: 39/54 MP: 11/11
  5625 | D:6      | Found a glowing drain.
  5629 | Sewer    | Entered a sewer
  5657 | Sewer    | Noticed Pargi
  5664 | Sewer    | Killed Pargi
  5665 | Sewer    | Reached skill level 7 in Axes
  7882 | D:7      | Found a blossoming altar of Fedhas.
  8095 | D:7      | Found a runed translucent door.
  8096 | D:7      | Noticed Crazy Yiuf
  8103 | D:7      | Killed Crazy Yiuf
  8152 | D:8      | Noticed Gastronok
  8159 | D:8      | Slain by Gastronok

Illustrated notes

Levels and vault maps discovered:
D:1:      dpeg_arrival_pond, layout_rooms, hellmonk_ecumenical_altar_arch_garden
D:2:      layout_basic, serial_shops, nicolae_shop_statue_plus
D:3:      layout_basic, xom_confusion_cloud, mainiacjoe_overflow_alcove_2,
          chequers_big_river, serial_bayou_pond_b, roderic_nine_men_s_morris,
          uniq_grinder, uniq_robin
D:4:      layout_basic, minmay_temple_entry_wispy, minmay_surrounded
D:5:      layout_gridville, mainiacjoe_overflow_concentric_impassable,
          nicolae_ru_great_annihilating_truth
D:6:      layout_loops_corners, gup_sewer_entry_spiral, kennysheep_crisscross
D:7:      layout_cave_pods, mainiacjoe_overflow_six_doors_small,
          uniq_crazy_yiuf_cottage
D:8:      layout_basic, uniq_gastronok
Temple:   eino_temple_rhombus

Skill      XL: |  1  2  3  4  5  6  7  8  9 |
---------------+----------------------------+-----
Axes           | 2 3 4 5 6 7 |  7.8
Armour         | 4 5 6 |  6.6
Shields        | 4 5 |  5.4
Fighting       | 4 5 |  5.7
Evocations     | 1 2 3 |  3.7
Invocations    | 1 3 4 |  4.3
Dodging        | |  0.2

Action                   |  1- 3 |  4- 6 |  7- 9 || total
-------------------------+-------+-------+-------++-------
Melee: War axe           |    78 |    79 |    73 ||   230
       Broad axe         |       |       |   261 ||   261
  Use: Scroll            |     5 |     1 |     9 ||    15
       Potion            |       |       |     2 ||     2
 Stab: Confused          |       |       |     1 ||     1
       Paralysed         |       |       |     1 ||     1
Armor: Scale mail        |    43 |    19 |       ||    62
       Chain mail        |       |    25 |    69 ||    94
       Plate armour      |       |       |   168 ||   168
Dodge: Dodged            |    40 |    38 |   164 ||   242
Block: Buckler           |    27 |    26 |   104 ||   157

Table legend: (Time is in decaauts)
 A = Elapsed time spent in this place.
 B = Non-inter-level travel time spent in this place.
 C = Inter-level travel time spent in this place.
 D = Time resting spent in this place.
 E = Time spent auto-exploring this place.
 F = Levels seen in this place.
 G = Mean time per level.
                   A        B        C        D        E       F      G
               +--------+--------+--------+--------+--------+-----+--------+
         Total |   8390 |   8232 |    158 |   1525 |   4904 |  10 |  839.0 |
       Dungeon |   8198 |   8048 |    150 |   1525 |   4802 |   8 | 1024.8 |
        Temple |    106 |     98 |      8 |      0 |     79 |   1 |  106.0 |
         Sewer |     85 |     85 |      0 |      0 |     23 |   1 |   85.0 |
               +--------+--------+--------+--------+--------+-----+--------+

Top non-repeatable levels by time:
     D:3: 1800 daAuts
     D:7: 1415 daAuts
     D:6: 1312 daAuts
     D:2: 1233 daAuts
     D:5: 839 daAuts
     D:1: 829 daAuts
     D:4: 760 daAuts
  Temple: 106 daAuts
   Sewer: 85 daAuts
     D:8: 8 daAuts
